 Dungeon Crawl Stone Soup version 0.18-b1-22-ge198996 (webtiles) character file.

203 benbatman the Chopper (level 5, -5/45 HPs)
             Began as a Hill Orc Fighter on May 3, 2016.
             Slain by an ogre
             ... wielding a cursed -3 giant spiked club
              (13 damage)
             ... on level 4 of the Dungeon.
             The game lasted 00:07:25 (2541 turns).

benbatman the Chopper (Hill Orc Fighter)            Turns: 2541, Time: 00:07:25

Health: -5/45      AC: 10    Str: 19    XL:     5   Next: 81%
Magic:  5/5        EV:  7    Int:  8    God:
Gold:   112        SH:  0    Dex: 11    Spells: 0 memorised, 4 levels left

rFire  . . .     SeeInvis .     a - +0 war axe
rCold  + . .     Gourm    .     p - +0 chain mail (curse)
rNeg   . . .     Faith    .     (no shield)
rPois  .         Spirit   .     (no helmet)
rElec  .         Dismiss  .     (no cloak)
rCorr  .         Reflect  .     (no gloves)
SustAt .         Harm     .     o - +0 pair of boots
MR     .....                    (no amulet)
Stlth  ..........               (no ring)
                                u - ring of protection from cold

@: not resistant to hostile enchantments, extremely unstealthy
A: no striking features
a: no special abilities


You were on level 4 of the Dungeon.
You were not hungry.

You visited 1 branch of the dungeon, and saw 5 of its levels.
You also visited: Sewer.

You collected 112 gold pieces.

Inventory:

Hand Weapons
 a - a +0 war axe (weapon)
 r - a +0 trident
Armour
 b - a +0 scale mail
 c - a +0 shield
 o - a +0 pair of boots (worn)
 p - a cursed +0 chain mail (worn)
Jewellery
 u - a ring of protection from cold (left hand)
 y - a +5 ring of evasion {unknown}
Scrolls
 d - 2 scrolls of blinking {unknown}
 j - a scroll of enchant armour {unknown}
 k - 2 scrolls of remove curse {unknown}
 l - a scroll of immolation {unknown}
 m - 6 scrolls of identify {unknown}
 q - 3 scrolls of amnesia {unknown}
 w - a scroll of magic mapping {unknown}
 x - 3 scrolls of teleportation {unknown}
 B - a scroll of fog {unknown}
Potions
 e - 2 potions of invisibility {unknown}
 g - 2 potions of haste {unknown}
 i - 2 potions of brilliance {unknown}
 t - a potion of cancellation {unknown}
 v - 2 potions of curing {unknown}
 z - 3 potions of flight {unknown}
Comestibles
 f - 3 bread rations
 h - 3 meat rations
 n - a slice of pizza
 s - a beef jerky
 A - 3 chunks of flesh


   Skills:
 - Level 3.6 Fighting
 * Level 7.7 Axes
 - Level 3.2 Armour
 - Level 3.2 Shields


You had 4 spell levels left.
You didn't know any spells.

Dungeon Overview and Level Annotations

Branches:
Dungeon (5/15)
 Temple: D:4-7

Altars:
Qazlal


Message History

You hit the ogre.
The ogre is lightly wounded.
The ogre hits you with a giant spiked club.
You hit the ogre.
The ogre is moderately wounded.
The ogre hits you with a giant spiked club!
You slash the ogre!
The ogre is severely wounded.
The ogre hits you with a giant spiked club!!
Ouch! That really hurt!
* * * LOW HITPOINT WARNING * * *
You completely miss the ogre.
The ogre is severely wounded.
You hit the ogre.
The ogre is severely wounded.
The ogre barely misses you.
You hit the ogre but do no damage.
The ogre is severely wounded.
The ogre hits you with a giant spiked club!
You die...

.....#≈.≈≈#.##.#.....####..#..8.#
###..#≈≈≈≈#.##.##...#####..##...#
##.#≈≈≈≈#.##.###.## .........##
#.####÷#.##.# #.# .#####..###
#....÷÷..##.# #.# #......
####.######.###.# # #......
#........#...# #. #.##...
###.######.#####.####>##.## #.#
#@# #............# #.# #O#
#.##..####.... #.# #.#
#.###...####.. # ..# #.#
#..###....#### ## .## #.#
##.###......## .## .
#..##...#.......#
..#################..........###
..####...###...####..###...###
..###....###....###..# #.###


You could see an ogre.

Vanquished Creatures
  8 gnolls
  An adder (D:2)
  2 river rats (D:4)
  2 oozes
  3 worms (D:2)
  A dart slug (D:1)
  3 giant geckos
  An orc (D:3)
  5 ball pythons
  10 bats
  4 giant cockroaches
  4 hobgoblins
  14 jackals
  A quokka (D:2)
  3 giant newts
  5 goblins
  4 kobolds
  9 rats
80 creatures vanquished.

Notes
Turn   | Place    | Note
--------------------------------------------------------------
     0 | D:1      | benbatman the Hill Orc Fighter began the quest for the Orb.
     0 | D:1      | Reached XP level 1. HP: 19/19 MP: 1/1
    43 | D:1      | Reached skill level 3 in Axes
   139 | D:1      | Reached XP level 2. HP: 26/26 MP: 2/2
   154 | D:1      | Reached skill level 4 in Axes
   225 | D:1      | Reached XP level 3. HP: 27/31 MP: 3/3
   578 | D:2      | Reached skill level 5 in Axes
   732 | D:2      | Reached XP level 4. HP: 21/39 MP: 4/4
   740 | D:2      | Reached skill level 6 in Axes
  1285 | D:3      | Found a stormy altar of Qazlal.
  1394 | D:4      | Reached XP level 5. HP: 41/45 MP: 5/5
  1407 | D:4      | Reached skill level 7 in Axes
  1624 | D:5      | Entered Level 5 of the Dungeon
  1821 | D:4      | Found a glowing drain.
  1855 | Sewer    | Entered a sewer
  2533 | D:4      | Noticed an ogre
  2541 | D:4      | Slain by an ogre

Skill      XL: |  1  2  3  4  5 |
---------------+----------------+-----
Axes           | 3 4 5 6 7 |  7.7
Fighting       | |  3.6
Armour         | |  3.2
Shields        | |  3.2

Action                   |  1- 3 |  4- 6 || total
-------------------------+-------+-------++-------
Melee: War axe           |    71 |   165 ||   236
  Use: Potion            |     1 |       ||     1
  Eat: Chunk             |       |     6 ||     6
Armor: Scale mail        |    53 |    35 ||    88
       Chain mail        |       |   102 ||   102
Dodge: Dodged            |    43 |    81 ||   124
